 Dungeon Crawl Stone Soup version 0.28-b1-25-g9875b3fc8c (webtiles) character file.

Game seed: 4785722285812304637

5961 MisterFreud the Basher (level 10, -3/96 HPs)
             Began as a Troll Berserker on Jan 31, 2022.
             Was an Elder of Trog.
             Slain by a two-headed ogre (24 damage)
             ... on level 9 of the Dungeon.
             The game lasted 00:10:25 (6299 turns).

MisterFreud the Basher (Troll Berserker)            Turns: 6299, Time: 00:10:26

Health: -3/96      AC: 10    Str: 27    XL:     10   Next: 54%
Magic:  0/9        EV: 11    Int:  5    God:    Trog [****..]
Gold:   453        SH:  0    Dex: 11    Spells: 9/9 levels left

rFire   . . .      SeeInvis .   t - +0 giant spiked club
rCold   . . .      Faith    .   (shield currently unavailable)
rNeg    . . .      Spirit   +   v - +0 steam dragon scales
rPois   .          Reflect  .   (helmet restricted)
rElec   .          Harm     .   f - +2 cloak
rCorr   .          Rampage  .   (gloves unavailable)
Will    ++...                   (boots unavailable)
Stlth   +.........              i - amulet of guardian spirit
HPRegen 2.06/turn               (no ring)
MPRegen 0.11/turn               (no ring)

@: strong-willed, regenerating
A: large, unfitting armour, claws 3, regeneration 1, shaggy fur 1, tough skin 1
a: Renounce Religion, Berserk, Trog's Hand, Brothers in Arms


You were on level 9 of the Dungeon.
You worshipped Trog.
Trog was greatly pleased with you.
You visited 2 branches of the dungeon, and saw 10 of its levels.
You also visited: Sewer.

You collected 453 gold pieces.

Inventory:

Hand Weapons
 a - a +0 mace
 b - a +2 morningstar
 e - a +4 flail of distortion
 t - a +0 giant spiked club (weapon)
Missiles
 d - 34 poisoned darts
 n - 5 javelins (quivered)
Armour
 f - a +2 cloak (worn)
 v - +0 steam dragon scales (worn)
Jewellery
 i - an amulet of guardian spirit (around neck)
Wands
 k - a wand of flame (23)
 r - a wand of charming (9)
 x - a wand of iceblast (9)
Scrolls
 c - 4 scrolls of teleportation
 g - a scroll of summoning
 o - a scroll of fog
 w - a scroll of immolation
 y - a scroll of enchant weapon {unknown}
Potions
 h - 5 potions of curing
 j - 2 potions of mutation
 l - 4 potions of ambrosia
 m - 2 potions of might
 p - 2 potions of haste
 q - 2 potions of brilliance
 s - 3 potions of attraction
 u - a potion of lignification {unknown}
 z - a potion of resistance {unknown}


   Skills:
 - Level 5.0 Fighting
 + Level 11.8 Maces & Flails
 - Level 6.0 Throwing
 - Level 5.0 Dodging


You had 9 spell levels left.
You didn't know any spells.
Your spell library was empty.

Dungeon Overview and Level Annotations

Branches:
Dungeon (9/15)             Temple (1/1) D:7            Lair (0/6) D:9
  Sewer (visited)
    Orc: D:9-12

Altars:


Innate Abilities, Weirdness & Mutations

You are too large for most types of armour.
You have claws for hands.
Your natural rate of healing is unusually fast.
You are covered in fur. (AC +1)
You have tough skin. (AC +1)


Message History

A kobold is nearby!
The kobold shouts!
You hear a shout! x2; You hear a bellow!
You hear two shouts!
The kobold barely misses you.
An orc warrior comes into view. It is wielding a +0 glaive.
You closely miss the kobold. The kobold hits you but does no damage.
The orc warrior barely misses you.
The kobold hits you with a +0 short sword.
A two-headed ogre comes into view. It is wielding two +0 giant clubs.
There are monsters nearby!
You impale the two-headed ogre!!
The two-headed ogre is severely wounded.
You hear a shout!
The orc warrior hits you from afar with a +0 glaive!
The two-headed ogre barely misses you.
The two-headed ogre hits you with a +0 giant club!!
The kobold hits you but does no damage.
You hear a shout!
You hear a bellow!
The two-headed ogre closely misses you. The two-headed ogre barely misses you.
A kobold comes into view.
It is wielding a +0 dagger and quivering poisoned darts.
Your skin crawls.
You feel strong-willed.
The two-headed ogre hits you with a +0 giant club.
The two-headed ogre hits you with a +0 giant club!
A yak comes into view.
You barely miss the two-headed ogre.
The two-headed ogre is heavily wounded.
The two-headed ogre closely misses you. The two-headed ogre barely misses you.
You sock the two-headed ogre!
The two-headed ogre is severely wounded.
A kobold comes into view. It is wielding a +0 dagger.
The two-headed ogre closely misses you.
The two-headed ogre hits you with a +0 giant club!
You thump the two-headed ogre!
The two-headed ogre is almost dead.
The two-headed ogre hits you with a +0 giant club!!
* * * LOW HITPOINT WARNING * * *
The two-headed ogre hits you with a +0 giant club!!
You die...

. ####### ######## .#
#..)#.###..##..# #.#
.#.#...##..##..### #..
#.#.#.##.##..##..# #.#
.....#.#.##..##.@##..#
#.#.#...#).##..##OK##
.....#.##..##..###Ko#
#.#.#.##.##..##..###Y#
.#.#...#. #..# ..# ..#
#...#.###..##.. ##
##K. ####### ## ###
###


You could see a two-headed ogre, a yak, an orc warrior and 3 kobolds.

Vanquished Creatures
  A two-headed ogre (D:7)
  A manticore (D:6)
  An ugly thing (D:9)
  Maggie (D:7)
  2 trolls
  Sigmund (D:2)
  A wyvern (D:9)
  A yak (D:9)
  2 steam dragons
  Edmund (D:4)
  Duvessa (D:7)
  Pargi (Sewer)
  2 water moccasins
  A sky beast (D:8)
  2 orc warriors
  A hornet zombie (D:8)
  A necrophage (D:6)
  2 ogres
  2 centaurs
  2 phantoms
  2 bullfrogs
  A scorpion (D:6)
  2 wyvern zombies (D:6)
  Dowan (D:7)
  5 wights
  3 bullfrog zombies (D:6)
  A hound (D:7)
  6 centaur zombies
  3 jellies
  2 centaur skeletons (D:5)
  3 orc priests
  Crazy Yiuf (D:5)
  A bullfrog skeleton (D:6)
  A gnoll shaman (D:5)
  An iguana (D:4)
  Natasha (thrice) (D:2)
  5 orc wizards
  A killer bee zombie (D:6)
  4 howler monkey zombies
  5 gnolls
  11 adders
  2 shadow imps
  4 white imps
  An ufetubus (D:5)
  4 worms (D:2)
  2 dart slugs
  19 orcs
  6 endoplasms
  4 giant cockroaches
  7 goblins
  8 hobgoblins
  9 jackals
  7 kobolds
  5 quokkas
  15 ball pythons
  A bat (D:1)
  3 frilled lizards
  A jackal skeleton (D:4)
  A rat (D:1)
188 creatures vanquished.

Vanquished Creatures (others)
  3 withered plants (D:6)
3 creatures vanquished.

Grand Total: 191 creatures vanquished

Notes
Turn   | Place    | Note
-------+----------+-------------------------------------------
     0 | D:1      | MisterFreud the Troll Berserker began the quest for the
                  | Orb.
     0 | D:1      | Reached XP level 1. HP: 22/22 MP: 0/0
    84 | D:1      | Reached skill level 3 in Maces & Flails
   118 | D:1      | Reached XP level 2. HP: 27/29 MP: 1/1
   562 | D:2      | Reached XP level 3. HP: 36/36 MP: 2/2
   578 | D:2      | Reached skill level 4 in Maces & Flails
   669 | D:2      | Reached ** piety under Trog
   717 | D:2      | Noticed Sigmund
   740 | D:2      | Killed Sigmund
   741 | D:2      | Reached skill level 5 in Maces & Flails
   741 | D:2      | Reached XP level 4. HP: 44/44 MP: 3/3
   741 | D:2      | Reached XP level 5. HP: 50/50 MP: 4/4
   770 | D:2      | Found a faded altar of an unknown god.
   775 | D:2      | Reached skill level 6 in Maces & Flails
   860 | D:2      | Noticed Natasha
   896 | D:2      | Killed Natasha
   897 | D:2      | Reached XP level 6. HP: 57/59 MP: 5/5
   921 | D:2      | Noticed Natasha
   932 | D:2      | Killed Natasha
   941 | D:2      | Noticed Natasha
   949 | D:2      | Killed Natasha
  1469 | D:4      | Noticed Edmund
  1511 | D:4      | Killed Edmund
  1512 | D:4      | Reached skill level 7 in Maces & Flails
  1915 | D:4      | Found a glowing drain.
  1941 | Sewer    | Entered a sewer
  1958 | Sewer    | Noticed Pargi
  1966 | Sewer    | Killed Pargi
  1967 | Sewer    | Reached XP level 7. HP: 66/66 MP: 6/6
  2162 | D:4      | Reached *** piety under Trog
  2380 | D:5      | Entered Level 5 of the Dungeon
  2400 | D:5      | Reached skill level 8 in Maces & Flails
  2492 | D:5      | Found a runed translucent door.
  2493 | D:5      | Noticed Crazy Yiuf
  2787 | D:5      | Reached XP level 8. HP: 75/75 MP: 7/7
  3260 | D:5      | Killed Crazy Yiuf
  3632 | D:6      | Noticed a troll
  3649 | D:6      | Killed a troll
  3650 | D:6      | Reached skill level 5 in Fighting
  3650 | D:6      | Reached skill level 5 in Dodging
  3765 | D:6      | Reached skill level 1 in Throwing
  3982 | D:6      | Reached XP level 9. HP: 83/88 MP: 6/8
  4290 | D:6      | Noticed a manticore
  4294 | D:6      | Killed a manticore
  4295 | D:6      | Reached skill level 9 in Maces & Flails
  4766 | D:7      | Noticed a two-headed ogre
  4777 | D:7      | Killed a two-headed ogre
  4778 | D:7      | Reached skill level 5 in Throwing
  4883 | D:7      | Found a staircase to the Ecumenical Temple.
  4896 | D:7      | Noticed Dowan
  4898 | D:7      | Noticed Duvessa
  4912 | D:7      | Killed Duvessa
  4920 | D:7      | Killed Dowan
  4921 | D:7      | Reached skill level 10 in Maces & Flails
  5089 | D:7      | Noticed a troll
  5094 | D:7      | Reached XP level 10. HP: 96/96 MP: 9/9
  5280 | D:7      | Noticed Maggie
  5298 | D:7      | Killed Maggie
  5515 | Temple   | Entered the Ecumenical Temple
  5558 | D:8      | Reached **** piety under Trog
  5997 | D:8      | Reached skill level 11 in Maces & Flails
  6081 | D:9      | Found a staircase to the Lair.
  6256 | D:9      | Noticed a green ugly thing
  6260 | D:9      | Killed a green ugly thing
  6291 | D:9      | Noticed a two-headed ogre
  6299 | D:9      | Slain by a two-headed ogre

Illustrated notes

Levels and vault maps discovered:
D:1:      heliophobic_arrival_glass_houses, layout_rooms,
          hangedman_feature_mirror
D:2:      layout_rooms, nicolae_ecumenical_snake_handling, uniq_natasha,
          uniq_sigmund
D:3:      layout_rooms
D:4:      layout_loops_ring, gup_sewer_entry_glass, uniq_edmund
D:5:      minmay_general_purpose_star, layout_loops_cross,
          uniq_crazy_yiuf_cottage
D:6:      layout_loops_corners, serial_undead, serial_undead_d, serial_undead_e,
          serial_undead_a, serial_undead_b, chequers_serial_rivers_large_a
D:7:      layout_gridville, minmay_temple_entry_statues_fountains, uniq_maggie,
          uniq_duvessa
D:8:      layout_basic
D:9:      minmay_the_grid_3x3 [minmay_the_grid_diamond_grid,
          minmay_the_grid_minigrid_medium, minmay_the_grid_all_tris,
          minmay_the_grid_square_x, minmay_the_grid_zigzag_pyramid,
          minmay_the_grid_fan, minmay_the_grid_tiny_cups,
          minmay_the_grid_holed_spiral,
          minmay_the_grid_prize_four_corners_diamond_a], layout_cave_pools,
          enter_bailey_3, minmay_misc_feat_ornament
Temple:   mainiacjoe_temple_trianglar_array

Skill      XL: |  1  2  3  4  5  6  7  8  9 10 |
---------------+-------------------------------+-----
Maces & Flails | 3 5 6 7 8 10 11 | 11.8
Dodging        | 3 5 |  5.0
Fighting       | 3 5 |  5.0
Throwing       | 2 5 6 |  6.0

Action                   |  1- 3 |  4- 6 |  7- 9 | 10-12 || total
-------------------------+-------+-------+-------+-------++-------
Melee: Mace              |    97 |   141 |   286 |       ||   524
       Punch             |     1 |     1 |     6 |       ||     8
       Giant spiked club |       |       |    91 |   144 ||   235
Throw: Javelin           |       |       |     1 |       ||     1
Invok: Berserk           |     2 |     2 |     8 |     2 ||    14
       Trog's Hand       |     1 |       |       |     1 ||     2
  Use: Scroll            |       |     8 |     2 |     4 ||    14
Armor: Animal skin       |    53 |    46 |   148 |       ||   247
       Steam dragon scal |       |       |    47 |    81 ||   128
Dodge: Dodged            |    51 |    71 |   251 |   104 ||   477
